 Dungeon Crawl Stone Soup version 0.19.0-18-g426998a (webtiles) character file.

93 dysrexia the Slasher (level 4, -3/34 HPs)
             Began as a Vampire Abyssal Knight on Nov 11, 2016.
             Was a Believer of Lugonu.
             Slain by a hobgoblin (4 damage)
             ... led by Robin
             ... on level 2 of the Dungeon.
             The game lasted 00:03:52 (1222 turns).

dysrexia the Slasher (Vampire Abyssal Knight)       Turns: 1222, Time: 00:03:53

Health: -3/34      AC:  3    Str: 11    XL:     4   Next: 36%
Magic:  6/6        EV: 12    Int: 14    God:    Lugonu [**....]
Gold:   112        SH:  0    Dex: 14    Spells: 0 memorised, 3 levels left

rFire  . . .     SeeInvis +     a - +1 falchion
rCold  . . .     Gourm    .     b - +0 leather armour
rNeg   + . .     Faith    .     (no shield)
rPois  .         Spirit   .     (no helmet)
rElec  .         Reflect  .     (no cloak)
rCorr  .         Harm     .     (no gloves)
MR     .....                    (no boots)
Stlth  +.........               (no amulet)
                                (no ring)
                                (no ring)

@: lethally poisoned (-3 -> -7)
A: fangs 3, see invisible, unbreathing
a: Bat Form, Depart the Abyss, Bend Space, Renounce Religion


You were on level 2 of the Dungeon.
You worshipped Lugonu.
Lugonu was pleased with you.
You were not thirsty.

You visited 1 branch of the dungeon, and saw 2 of its levels.
You visited the Abyss 1 time.

You collected 112 gold pieces.

Inventory:

Hand Weapons
 a - a +1 falchion (weapon)
Missiles
 f - 15 poisoned needles
Armour
 b - a +0 leather armour (worn)
Scrolls
 d - 2 scrolls of identify {unknown}
 e - a scroll of magic mapping {unknown}
 g - a scroll of immolation {unknown}
Potions
 c - 11 potions of blood


   Skills:
 - Level 2.6 Fighting
 * Level 3.9 Long Blades
 - Level 0.7 Armour
 - Level 2.1 Dodging
 + Level 2.7 Invocations


You had 3 spell levels left.
You didn't know any spells.

Dungeon Overview and Level Annotations

Branches:
Dungeon (2/15)

Altars:

Annotations:
D:2 Robin


Innate Abilities, Weirdness & Mutations

You have razor-sharp teeth.
You have supernaturally acute eyesight. (SInv)
You can survive without breathing.


Message History

Robin says, "My goblins will feast on your bones."
Robin barely misses you.
Items here: )))) [ a leather armour; a club x3; an antimagic whip
* * * LOW HITPOINT WARNING * * *
You feel sick.
* * * LOW HITPOINT WARNING * * *
You feel sick. Space bends around you!
You blink.
* * * LOW HITPOINT WARNING * * *
The hobgoblin barely misses you.
* * * LOW HITPOINT WARNING * * *
You feel sick.
It was a potion of magic.
Magic courses through your body. The hobgoblin hits you.
* * * LOW HITPOINT WARNING * * *
You hit the hobgoblin.
The hobgoblin is severely wounded.
The hobgoblin hits you.
You die...

#.....###.#
....#...###.#
## #.#..#..##
...##.....# ###
##§##.###
#..##....
#.##...#
####[#..#
#.@gg..#####
####.##........
##
#....##........
####.
#.#####........
g... ###†#
#........
#.g##### #...#
#........
....g..###)###
.........
.#####.)##.#
.#.......
##g.).# .
.......


You could see Robin and a hobgoblin.

Vanquished Creatures
  3 gnolls (D:2)
  An adder (D:2)
  2 dart slugs
  A leopard gecko (D:1)
  A ball python (D:2)
  3 giant cockroaches
  12 goblins
  6 hobgoblins
  A jackal (D:1)
  6 kobolds
  4 bats
  4 frilled lizards (D:1)
  4 rats
48 creatures vanquished.

Notes
Turn   | Place    | Note
-------+----------+-------------------------------------------
     0 | Abyss:1  | dysrexia the Vampire Abyssal Knight began the quest for the Orb.
     0 | Abyss:1  | Reached XP level 1. HP: 17/17 MP: 2/2
     0 | D:1      | Escaped the Abyss
    99 | D:1      | Reached * piety under Lugonu
   150 | D:1      | Reached XP level 2. HP: 22/23 MP: 3/3
   467 | D:1      | Reached skill level 3 in Long Blades
   756 | D:2      | Reached XP level 3. HP: 25/28 MP: 4/4
   915 | D:2      | Reached ** piety under Lugonu
   915 | D:2      | Reached XP level 4. HP: 13/34 MP: 5/5
  1169 | D:2      | Noticed Robin
  1221 | D:2      | HP: 1/34 [hobgoblin[Robin] (2)]
  1222 | D:2      | Slain by a hobgoblin

Skill      XL: |  1  2 |
---------------+-------+-----
Invocations    | 2 |  2.7
Long Blades    | 3 |  3.9
Fighting       | |  2.6
Armour         | |  0.7
Dodging        | |  2.1

Action                   |  1- 3 |  4- 6 || total
-------------------------+-------+-------++-------
Melee: Falchion          |    91 |    28 ||   119
       Bite              |     7 |     4 ||    11
Invok: Depart the Abyss  |     1 |       ||     1
       Bend Space        |       |     1 ||     1
  Use: Potion            |     3 |     2 ||     5
Armor: Leather armour    |    33 |     1 ||    34
Dodge: Dodged            |    76 |    11 ||    87
       Rpst.: Falchion   |    23 |     2 ||    25
